BSA
KALAMAZOO ROYALE WITH CHEESE @ VISTA PANTHERS
09/17/2027
 
TOP OF THE 1ST
Kalamazoo Royale with Cheese batting - Pitching for Vista Panthers : RHP Dave Jackson
Pitching: RHP Dave Jackson
Batting: RHB Jorge Márquez 0-0: Ball
1-0: Swinging Strike
1-1: Swinging Strike
1-2: Strikes out looking
Batting: LHB Robinson Fernández 0-0: Called Strike
0-1: Called Strike
0-2: Ball
1-2: Ball
2-2: Foul Ball, location: 2F
2-2: Ground out 4-3 (Groundball, 4)
Batting: LHB Bill McJannett 0-0: Ball
1-0: Foul Ball, location: 2F
1-1: Foul Ball, location: 2F
1-2: Strikes out swinging
Top of the 1st over - 0 run(s), 0 hit(s), 0 error(s), 0 left on base; Kalamazoo 0 - Vista 0
BOTTOM OF THE 1ST
Vista Panthers batting - Pitching for Kalamazoo Royale with Cheese : RHP Enrique Aguilera
Pitching: RHP Enrique Aguilera
Batting: RHB Justin Burgess 0-0: SINGLE (Groundball, 6MD)
Batting: LHB Brent Alonzo 0-0: Fly out, F6 (Line Drive, 6)
Batting: RHB Phil Matthews 0-0: Foul Ball, location: 2F
0-1: TRIPLE (Flyball, 9D)
Justin Burgess scores
Batting: LHB Patrick Osborne 0-0: Fly out, F9 (Flyball, 9D)
Runner from 3rd tags up, SCORES, no throw
Batting: SHB Mark Wells 0-0: Swinging Strike
0-1: Ground out 4-3 (Groundball, 4)
Bottom of the 1st over - 2 run(s), 2 hit(s), 0 error(s), 0 left on base; Kalamazoo 0 - Vista 2
TOP OF THE 2ND
Kalamazoo Royale with Cheese batting - Pitching for Vista Panthers : RHP Dave Jackson
Batting: RHB Pedro Rosado 0-0: Foul Ball, location: 2F
0-1: Foul Ball, location: 2F
0-2: Ball
1-2: Foul Ball, location: 2F
1-2: Ball
2-2: Ball
3-2: Strikes out swinging
Batting: RHB Run-ming Zhu 0-0: Ball
1-0: SINGLE (Line Drive, 7S)
Batting: LHB Roberto Sandoval 0-0: Ball
1-0: Called Strike
1-1: Ball
2-1: Ball
3-1: Base on Balls
Run-ming Zhu to second
Batting: LHB Al Mills 0-0: Called Strike
0-1: Ball
1-1: Ball
2-1: Foul Ball, location: 2F
2-2: Ball
3-2: Foul Ball, location: 2F
3-2: Base on Balls
Run-ming Zhu to third
Roberto Sandoval to second
Batting: LHB António Glaviz 0-0: Called Strike
0-1: Ball
1-1: Foul Ball, location: 2F
1-2: Ball
2-2: Strikes out swinging
Batting: RHB Rafael González 0-0: Ball
1-0: Ball
2-0: Called Strike
2-1: Ground out 5-3 (Groundball, 56S)
Top of the 2nd over - 0 run(s), 1 hit(s), 0 error(s), 3 left on base; Kalamazoo 0 - Vista 2
BOTTOM OF THE 2ND
Vista Panthers batting - Pitching for Kalamazoo Royale with Cheese : RHP Enrique Aguilera
Batting: LHB Bob Cunningham 0-0: Ball
1-0: Ball
2-0: Called Strike
2-1: Ground out 6-3 (Groundball, 6)
Batting: RHB Luis Martínez 0-0: Called Strike
0-1: Foul Ball, location: 2F
0-2: Ball
1-2: Foul Ball, location: 2F
1-2: SINGLE (Flyball, 89S) - OUT at second base trying to stretch hit.
Batting: LHB Francisco Marino 0-0: Ball
1-0: Ball
2-0: Ball
3-0: Base on Balls
Batting: RHB Cisco Gatán 0-0: Ball
1-0: Foul Ball, location: 2F
1-1: Foul Ball, location: 2F
1-2: Ball
2-2: Fly out, F7 (Flyball, 78M)
Bottom of the 2nd over - 0 run(s), 1 hit(s), 0 error(s), 1 left on base; Kalamazoo 0 - Vista 2
TOP OF THE 3RD
Kalamazoo Royale with Cheese batting - Pitching for Vista Panthers : RHP Dave Jackson
Batting: RHB Jorge Márquez 0-0: Ball
1-0: Ball
2-0: Bunted foul
2-1: Ground out 5-3 (Groundball, 5S)
Batting: LHB Robinson Fernández 0-0: Called Strike
0-1: Ground out 6-3 (Groundball, 6)
Batting: LHB Bill McJannett 0-0: Foul Ball, location: 2F
0-1: Ground out 4-3 (Groundball, 4)
Top of the 3rd over - 0 run(s), 0 hit(s), 0 error(s), 0 left on base; Kalamazoo 0 - Vista 2
BOTTOM OF THE 3RD
Vista Panthers batting - Pitching for Kalamazoo Royale with Cheese : RHP Enrique Aguilera
Batting: RHB Justin Burgess 0-0: Ball
1-0: Swinging Strike
1-1: Swinging Strike
1-2: Foul Ball, location: 2F
1-2: Ball
2-2: Foul Ball, location: 2F
2-2: Fly out, F7 (Flyball, 7)
Batting: LHB Brent Alonzo 0-0: Called Strike
0-1: Swinging Strike
0-2: Ball
1-2: Ball
2-2: Ball
3-2: SINGLE (Line Drive, 56)
Batting: RHB Phil Matthews 0-0: Grounds into double play, 6-4-3 (Groundball, 56)
Bottom of the 3rd over - 0 run(s), 1 hit(s), 0 error(s), 0 left on base; Kalamazoo 0 - Vista 2
TOP OF THE 4TH
Kalamazoo Royale with Cheese batting - Pitching for Vista Panthers : RHP Dave Jackson
Batting: RHB Pedro Rosado 0-0: Fly out, F4 (Popup, 4S)
Batting: RHB Run-ming Zhu 0-0: Ball
1-0: Ball
2-0: Called Strike
2-1: Foul Ball, location: 2F
2-2: Strikes out looking
Batting: LHB Roberto Sandoval 0-0: Called Strike
0-1: SOLO HOME RUN (Flyball, 9D), Distance : 397 ft
Batting: LHB Al Mills 0-0: Called Strike
0-1: Ball
1-1: Foul Ball, location: 2F
1-2: Ball
2-2: Foul Ball, location: 2F
2-2: Ball
3-2: Foul Ball, location: 2F
3-2: Foul Ball, location: 2F
3-2: Strikes out swinging
Top of the 4th over - 1 run(s), 1 hit(s), 0 error(s), 0 left on base; Kalamazoo 1 - Vista 2
BOTTOM OF THE 4TH
Vista Panthers batting - Pitching for Kalamazoo Royale with Cheese : RHP Enrique Aguilera
Batting: LHB Patrick Osborne 0-0: Ball
1-0: Fly out, F8 (Flyball, 8LM)
Batting: SHB Mark Wells 0-0: Ball
1-0: SINGLE (Groundball, 56D)
Batting: LHB Bob Cunningham 0-0: Ball
1-0: Ball
2-0: Foul Ball, location: 2F
2-1: Foul Ball, location: 2F
2-2: Fly out, F3 (Popup, 3L)
Batting: RHB Luis Martínez 0-0: Ball
1-0: Called Strike
1-1: Swinging Strike
1-2: Ball
2-2: Foul Ball, location: 2F
2-2: Strikes out looking
Bottom of the 4th over - 0 run(s), 1 hit(s), 0 error(s), 1 left on base; Kalamazoo 1 - Vista 2
TOP OF THE 5TH
Kalamazoo Royale with Cheese batting - Pitching for Vista Panthers : RHP Dave Jackson
Batting: LHB António Glaviz 0-0: Ball
1-0: Ball
2-0: Swinging Strike
2-1: Foul Ball, location: 2F
2-2: Strikes out swinging
Batting: RHB Rafael González 0-0: Called Strike
0-1: Ball
1-1: Ball
2-1: SINGLE (Groundball, 4MS) (infield hit)
Batting: RHB Jorge Márquez 0-0: Ball
1-0: SINGLE (Flyball, 9LS)
Rafael González to second
Runner from 2nd tries for 3rd, SAFE, no throw
Batting: LHB Robinson Fernández 0-0: Ball
1-0: Swinging Strike
1-1: Foul Ball, location: 2F
1-2: Foul Ball, location: 2F
1-2: Foul Ball, location: 2F
1-2: SINGLE (Line Drive, 8RS)
Rafael González scores
Jorge Márquez to second
Pitching: LHP Mario Tobías
Batting: LHB Bill McJannett 0-0: Called Strike
0-1: Ball
1-1: Swinging Strike
1-2: Strikes out swinging
Batting: RHB Pedro Rosado 0-0: Ball
1-0: SINGLE (Line Drive, 89S)
Jorge Márquez to third
Robinson Fernández to second
Runner from 3rd tries for Home, SAFE, no throw
Batting: RHB Run-ming Zhu 0-0: Ball
1-0: Ball
2-0: Foul Ball, location: 2F
2-1: Fly out, F7 (Flyball, 7S)
Top of the 5th over - 2 run(s), 4 hit(s), 0 error(s), 2 left on base; Kalamazoo 3 - Vista 2
BOTTOM OF THE 5TH
Vista Panthers batting - Pitching for Kalamazoo Royale with Cheese : RHP Enrique Aguilera
Batting: LHB Francisco Marino 0-0: Ball
1-0: Fly out, F8 (Flyball, 8LM)
Batting: RHB Cisco Gatán 0-0: Ground out 4-3 (Groundball, 4)
Batting: RHB Justin Burgess 0-0: Foul Ball, location: 2F
0-1: Called Strike
0-2: Ball
1-2: Ball
2-2: Foul Ball, location: 2F
2-2: Ground out 6-3 (Groundball, 6)
Bottom of the 5th over - 0 run(s), 0 hit(s), 0 error(s), 0 left on base; Kalamazoo 3 - Vista 2
TOP OF THE 6TH
Kalamazoo Royale with Cheese batting - Pitching for Vista Panthers : LHP Mario Tobías
Batting: LHB Roberto Sandoval 0-0: Ball
1-0: Ball
2-0: Foul Ball, location: 2F
2-1: SOLO HOME RUN (Flyball, 9D), Distance : 403 ft
Pitching: RHP Scotty Johnson
Batting: LHB Al Mills 0-0: Ball
1-0: Swinging Strike
1-1: Called Strike
1-2: Strikes out looking
Batting: LHB António Glaviz 0-0: Ball
1-0: Ball
2-0: Foul Ball, location: 2F
2-1: Foul Ball, location: 2F
2-2: Ball
3-2: Strikes out looking
Batting: RHB Rafael González 0-0: Ball
1-0: Ball
2-0: Called Strike
2-1: Ground out 6-3 (Groundball, 6)
Top of the 6th over - 1 run(s), 1 hit(s), 0 error(s), 0 left on base; Kalamazoo 4 - Vista 2
BOTTOM OF THE 6TH
Vista Panthers batting - Pitching for Kalamazoo Royale with Cheese : RHP Enrique Aguilera
Batting: LHB Brent Alonzo 0-0: Ball
1-0: Ground out 6-3 (Groundball, 6)
Batting: RHB Phil Matthews 0-0: Swinging Strike
0-1: Called Strike
0-2: Foul Ball, location: 2F
0-2: Foul Ball, location: 2F
0-2: Fly out, F8 (Line Drive, 8LM)
Batting: LHB Patrick Osborne 0-0: Ball
1-0: SOLO HOME RUN (Flyball, 7D), Distance : 431 ft
Batting: SHB Mark Wells 0-0: Called Strike
0-1: Foul Ball, location: 2F
0-2: Ball
1-2: Foul Ball, location: 2F
1-2: Ball
2-2: Strikes out looking
Bottom of the 6th over - 1 run(s), 1 hit(s), 0 error(s), 0 left on base; Kalamazoo 4 - Vista 3
TOP OF THE 7TH
Kalamazoo Royale with Cheese batting - Pitching for Vista Panthers : RHP Scotty Johnson
Batting: RHB Jorge Márquez 0-0: SINGLE (Line Drive, 34D)
Pitching: LHP Thomas Heath
Batting: LHB Robinson Fernández 0-0: Called Strike
0-1: Ball
1-1: Bunted foul
1-2: Ball
2-2: Foul Ball, location: 2F
2-2: Foul Ball, location: 2F
2-2: Ball
3-2: Strikes out swinging
Pitching: RHP José Betancourt
Batting: LHB Bill McJannett 0-0: Ball
1-0: Ball
2-0: Foul Ball, location: 2F
2-1: SINGLE (Groundball, 23) (infield hit)
Jorge Márquez to second
Batting: RHB Pedro Rosado 0-0: Called Strike
0-1: Foul Ball, location: 2F
0-2: Strikes out swinging
Batting: RHB Run-ming Zhu 0-0: DOUBLE (Line Drive, 7LM)
Jorge Márquez scores
Bill McJannett to third
Runner from 3rd tries for Home, SAFE, no throw
Pitching: LHP Takao Uchida
Batting: LHB Roberto Sandoval 0-0: Called Strike
0-1: Ball
1-1: Ball
2-1: Ball
3-1: Called Strike
3-2: Foul Ball, location: 2F
3-2: Foul Ball, location: 2F
3-2: Base on Balls
Batting: LHB Al Mills 0-0: Foul Ball, location: 2F
0-1: Ball
1-1: Called Strike
1-2: Strikes out looking
Top of the 7th over - 2 run(s), 3 hit(s), 0 error(s), 2 left on base; Kalamazoo 6 - Vista 3
BOTTOM OF THE 7TH
Vista Panthers batting - Pitching for Kalamazoo Royale with Cheese : RHP Enrique Aguilera
Batting: LHB Bob Cunningham 0-0: Called Strike
0-1: Ball
1-1: Ground out 6-3 (Groundball, 6)
Batting: RHB Luis Martínez 0-0: Ball
1-0: Ground out 6-3 (Groundball, 6)
Batting: LHB Francisco Marino 0-0: Ball
1-0: Foul Ball, location: 2F
1-1: Foul Ball, location: 2F
1-2: Ball
2-2: Fly out, F8 (Flyball, 89M)
Bottom of the 7th over - 0 run(s), 0 hit(s), 0 error(s), 0 left on base; Kalamazoo 6 - Vista 3
TOP OF THE 8TH
Kalamazoo Royale with Cheese batting - Pitching for Vista Panthers : LHP Takao Uchida
Pitching: RHP António López
Batting: LHB António Glaviz 0-0: SOLO HOME RUN (Flyball, 9D), Distance : 385 ft
Pitching: RHP Doug Singleton
Batting: RHB Rafael González 0-0: Ball
1-0: Ball
2-0: Ball
3-0: Called Strike
3-1: Foul Ball, location: 2F
3-2: Strikes out swinging
Batting: RHB Jorge Márquez 0-0: Ball
1-0: Ball
2-0: Swinging Strike
2-1: SINGLE (Line Drive, 34)
Batting: LHB Robinson Fernández 0-0: Ball
1-0: Fly out, F8 (Flyball, 8RM)
Batting: LHB Bill McJannett 0-0: Called Strike
0-1: Ball
1-1: Swinging Strike
1-2: Ball
2-2: Ball
3-2: Strikes out looking
Top of the 8th over - 1 run(s), 2 hit(s), 0 error(s), 1 left on base; Kalamazoo 7 - Vista 3
BOTTOM OF THE 8TH
Vista Panthers batting - Pitching for Kalamazoo Royale with Cheese : RHP Enrique Aguilera
Batting: RHB Cisco Gatán 0-0: Ball
1-0: Ball
2-0: Foul Ball, location: 2F
2-1: Ball
3-1: Foul Ball, location: 2F
3-2: Fly out, F7 (Flyball, 7D)
Batting: RHB Justin Burgess 0-0: Called Strike
0-1: Ball
1-1: Ball
2-1: Swinging Strike
2-2: Strikes out looking
Batting: LHB Brent Alonzo 0-0: Ball
1-0: Ground out 6-3 (Groundball, 6M)
Bottom of the 8th over - 0 run(s), 0 hit(s), 0 error(s), 0 left on base; Kalamazoo 7 - Vista 3
TOP OF THE 9TH
Kalamazoo Royale with Cheese batting - Pitching for Vista Panthers : RHP Doug Singleton
Batting: RHB Pedro Rosado 0-0: Ball
1-0: Called Strike
1-1: Ground out 6-3 (Groundball, 6)
Batting: RHB Run-ming Zhu 0-0: Ball
1-0: Called Strike
1-1: Foul Ball, location: 2F
1-2: Strikes out looking
Batting: LHB Roberto Sandoval 0-0: Ball
1-0: Ball
2-0: Ball
3-0: Called Strike
3-1: Base on Balls
Batting: LHB Al Mills 0-0: Ball
1-0: Foul Ball, location: 2F
1-1: Ball
2-1: Ball
3-1: Base on Balls
Roberto Sandoval to second
Batting: LHB António Glaviz 0-0: Called Strike
0-1: Called Strike
0-2: Ball
1-2: Ground out 1-3 (Groundball, P)
Top of the 9th over - 0 run(s), 0 hit(s), 0 error(s), 2 left on base; Kalamazoo 7 - Vista 3
BOTTOM OF THE 9TH
Vista Panthers batting - Pitching for Kalamazoo Royale with Cheese : RHP Enrique Aguilera
Pitching: RHP Fergus Wakeford
Batting: RHB Phil Matthews 0-0: Foul Ball, location: 2F
0-1: Called Strike
0-2: Foul Ball, location: 2F
0-2: Foul Ball, location: 2F
0-2: TRIPLE (Line Drive, 8LXD)
Batting: LHB Patrick Osborne 0-0: Ball
1-0: TRIPLE (Flyball, 78XD)
Phil Matthews scores
Pitching: RHP António Ojeda
Batting: SHB Mark Wells 0-0: Called Strike
0-1: Ball
1-1: Foul Ball, location: 2F
1-2: 2-RUN HOME RUN (Flyball, 89XD), Distance : 440 ft
Batting: LHB Bob Cunningham 0-0: Ball
1-0: Reached on error, E4 (Popup, 4)
Pinch Hitting: LHB Donovan Bird 0-0: Sac Bunt - play at first, batter OUT! 1-4
Bob Cunningham to second
Batting: LHB Francisco Marino 0-0: Foul Ball, location: 2F
0-1: Foul Ball, location: 2F
0-2: Strikes out looking
Batting: RHB Cisco Gatán 0-0: Ball
1-0: Foul Ball, location: 2F
1-1: Ball
2-1: Foul Ball, location: 2F
2-2: Ball
3-2: Foul Ball, location: 2F
3-2: Base on Balls
Pinch Hitting: RHB John Mendelson 0-0: SINGLE (Flyball, 9S)
Bob Cunningham to third
Cisco Gatán to second
Runner from 3rd tries for Home, SAFE, throw made home
Cisco Gatán to third
John Mendelson to second
Batting: LHB Brent Alonzo 0-0: Foul Ball, location: 2F
0-1: Called Strike
0-2: Strikes out looking
Bottom of the 9th over - 4 run(s), 4 hit(s), 1 error(s), 2 left on base; Kalamazoo 7 - Vista 7
TOP OF THE 10TH
Kalamazoo Royale with Cheese batting - Pitching for Vista Panthers : RHP Doug Singleton
Pitching: RHP David Simpson
Now at 1B: Donovan Bird
Now at SS: George Howard
Pinch Hitting: RHB Miguel Encarnación 0-0: Ball
1-0: Ball
2-0: Ball
3-0: Called Strike
3-1: Base on Balls
Batting: RHB Jorge Márquez 0-0: Ball
1-0: Fly out, F9 (Flyball, 89M)
Batting: LHB Robinson Fernández 0-0: Ball
1-0: Called Strike
1-1: Foul Ball, location: 2F
1-2: Ball
2-2: Strikes out looking
Batting: LHB Bill McJannett 0-0: Ball
1-0: Ball
2-0: Called Strike
2-1: Foul Ball, location: 2F
Pickoff Throw to First - Error! E1
Miguel Encarnación to second
2-2: Foul Ball, location: 2F
2-2: Strikes out swinging
Top of the 10th over - 0 run(s), 0 hit(s), 1 error(s), 1 left on base; Kalamazoo 7 - Vista 7
BOTTOM OF THE 10TH
Vista Panthers batting - Pitching for Kalamazoo Royale with Cheese : RHP António Ojeda
Now at SS: Miguel Encarnación
Batting: RHB Phil Matthews 0-0: Foul Ball, location: 2F
0-1: Swinging Strike
0-2: Foul Ball, location: 2F
0-2: Ball
1-2: Ground out 5-3 (Groundball, 56)
Batting: LHB Patrick Osborne 0-0: Called Strike
0-1: Swinging Strike
0-2: Ball
1-2: Strikes out swinging
Batting: SHB Mark Wells 0-0: Ball
1-0: Fly out, F9 (Flyball, 9S)
Bottom of the 10th over - 0 run(s), 0 hit(s), 0 error(s), 0 left on base; Kalamazoo 7 - Vista 7
TOP OF THE 11TH
Kalamazoo Royale with Cheese batting - Pitching for Vista Panthers : RHP David Simpson
Batting: RHB Pedro Rosado 0-0: Called Strike
0-1: SINGLE (Flyball, 8RS)
Batting: RHB Run-ming Zhu 0-0: Foul Ball, location: 2F
0-1: Foul Ball, location: 2F
0-2: Ball
1-2: Strikes out looking
Batting: LHB Roberto Sandoval 0-0: Fly out, F8 (Flyball, 8LS)
Batting: LHB Al Mills 0-0: Called Strike
0-1: Swinging Strike
0-2: Foul Ball, location: 2F
0-2: Ball
1-2: Ball
2-2: Strikes out swinging
Top of the 11th over - 0 run(s), 1 hit(s), 0 error(s), 1 left on base; Kalamazoo 7 - Vista 7
BOTTOM OF THE 11TH
Vista Panthers batting - Pitching for Kalamazoo Royale with Cheese : RHP Rikiya Sakurai
Pitching: RHP Rikiya Sakurai
Batting: LHB Bob Cunningham 0-0: Ground out 5-3 (Groundball, 56)
Batting: LHB Donovan Bird 0-0: Foul Ball, location: 2F
0-1: Ball
1-1: Ball
2-1: Ball
3-1: Base on Balls
Batting: LHB Francisco Marino 0-0: Called Strike
0-1: Grounds into double play, 4-6-3 (Groundball, 4)
Bottom of the 11th over - 0 run(s), 0 hit(s), 0 error(s), 0 left on base; Kalamazoo 7 - Vista 7
TOP OF THE 12TH
Kalamazoo Royale with Cheese batting - Pitching for Vista Panthers : RHP David Simpson
Pitching: LHP Andrew Caine
Pinch Hitting: RHB Alfredo Cortéz 0-0: Ball
1-0: Called Strike
1-1: Foul Ball, location: 2F
1-2: Foul Ball, location: 2F
1-2: Fly out, F9 (Flyball, 9)
Batting: RHB Miguel Encarnación 0-0: Foul Ball, location: 2F
0-1: Ball
1-1: Ball
2-1: Swinging Strike
2-2: Ball
3-2: Ground out 5-3 (Groundball, 56)
Batting: RHB Jorge Márquez 0-0: Called Strike
0-1: Ball
1-1: SINGLE (Line Drive, 6)
Batting: LHB Robinson Fernández 0-0: Called Strike
0-1: Ball
1-1: Called Strike
1-2: Ball
2-2: Reached on error, E7 (Line Drive, 7D)
Jorge Márquez to third
Pinch Hitting: RHB Andy Aiton 0-0: Ball
1-0: Called Strike
1-1: Swinging Strike
1-2: Ball
2-2: Ball
3-2: Base on Balls
Batting: RHB Pedro Rosado 0-0: Swinging Strike
0-1: Ball
1-1: Swinging Strike
1-2: Ball
2-2: Foul Ball, location: 2F
2-2: Strikes out looking
Top of the 12th over - 0 run(s), 1 hit(s), 1 error(s), 3 left on base; Kalamazoo 7 - Vista 7
BOTTOM OF THE 12TH
Vista Panthers batting - Pitching for Kalamazoo Royale with Cheese : RHP Rikiya Sakurai
Now in LF: Oliver Lugo
Now in RF: Bob Noble
Batting: RHB Cisco Gatán 0-0: Ball
1-0: Foul Ball, location: 2F
1-1: Called Strike
1-2: Ground out 5-3 (Groundball, 56S)
Pinch Hitting: LHB Greg Schultz 0-0: Called Strike
0-1: Ball
1-1: Ball
2-1: Ball
3-1: Foul Ball, location: 2F
3-2: SINGLE (Groundball, 56D)
Pinch Runner at 1st António López:
Batting: LHB Brent Alonzo 0-0: Swinging Strike
0-1: Ball
1-1: Foul Ball, location: 2F
1-2: Ball
2-2: Fly out, F7 (Flyball, 78S)
Batting: RHB Phil Matthews 0-0: Called Strike
0-1: Ball
1-1: Ball
2-1: SINGLE (Groundball, 6MD)
António López to second
Batting: LHB Patrick Osborne 0-0: Ball
1-0: Fly out, F8 (Flyball, 78M)
Bottom of the 12th over - 0 run(s), 2 hit(s), 0 error(s), 2 left on base; Kalamazoo 7 - Vista 7
TOP OF THE 13TH
Kalamazoo Royale with Cheese batting - Pitching for Vista Panthers : LHP Andrew Caine
Now at SS: António López
Batting: RHB Run-ming Zhu 0-0: Ball
1-0: Fly out, F7 (Flyball, 7LS)
Batting: LHB Roberto Sandoval 0-0: Ball
1-0: Swinging Strike
1-1: Fly out, F7 (Line Drive, 7S)
Batting: LHB Al Mills 0-0: Called Strike
0-1: Ball
1-1: Foul Ball, location: 2F
1-2: Ball
2-2: Ball
3-2: Foul Ball, location: 2F
3-2: Foul Ball, location: 2F
3-2: Strikes out looking
Top of the 13th over - 0 run(s), 0 hit(s), 0 error(s), 0 left on base; Kalamazoo 7 - Vista 7
BOTTOM OF THE 13TH
Vista Panthers batting - Pitching for Kalamazoo Royale with Cheese : RHP Rikiya Sakurai
Batting: SHB Mark Wells 0-0: Ball
1-0: Ball
2-0: Called Strike
2-1: Foul Ball, location: 2F
2-2: Ball
3-2: Ground out 4-3 (Groundball, 34)
Batting: LHB Bob Cunningham 0-0: Called Strike
0-1: Ball
1-1: Ball
2-1: DOUBLE (Line Drive, 7LM)
Batting: LHB Donovan Bird 0-0: Intentional Walk
Pitching: RHP José Ruíz
Batting: LHB Francisco Marino 0-0: Ball
1-0: Called Strike
1-1: Foul Ball, location: 2F
1-2: Ball
2-2: Ball
3-2: Grounds into double play, 4-6-3 (Groundball, 4)
Bottom of the 13th over - 0 run(s), 1 hit(s), 0 error(s), 1 left on base; Kalamazoo 7 - Vista 7
TOP OF THE 14TH
Kalamazoo Royale with Cheese batting - Pitching for Vista Panthers : LHP Andrew Caine
Batting: SHB Bob Noble 0-0: Swinging Strike
0-1: Foul Ball, location: 2F
0-2: Ball
1-2: Foul Ball, location: 2F
1-2: Foul Ball, location: 2F
1-2: Ground out 6-3 (Groundball, 6)
Batting: RHB Miguel Encarnación 0-0: Ball
1-0: Called Strike
1-1: Foul Ball, location: 2F
1-2: Strikes out looking
Batting: RHB Jorge Márquez 0-0: Ball
1-0: Ground out 4-3 (Groundball, 4)
Top of the 14th over - 0 run(s), 0 hit(s), 0 error(s), 0 left on base; Kalamazoo 7 - Vista 7
BOTTOM OF THE 14TH
Vista Panthers batting - Pitching for Kalamazoo Royale with Cheese : RHP José Ruíz
Batting: RHB Cisco Gatán 0-0: Foul Ball, location: 2F
0-1: Ball
1-1: Called Strike
1-2: Foul Ball, location: 2F
1-2: Strikes out swinging
Pinch Hitting: RHB Roberto Cruz 0-0: Fly out, F9 (Flyball, 9S)
Batting: LHB Brent Alonzo 0-0: Ball
1-0: Called Strike
1-1: Ball
2-1: Swinging Strike
2-2: Ball
3-2: Foul Ball, location: 2F
3-2: Fly out, F8 (Line Drive, 8LM)
Bottom of the 14th over - 0 run(s), 0 hit(s), 0 error(s), 0 left on base; Kalamazoo 7 - Vista 7
TOP OF THE 15TH
Kalamazoo Royale with Cheese batting - Pitching for Vista Panthers : LHP Andrew Caine
Now at 2B: Griswold Coleman
Batting: LHB Robinson Fernández 0-0: Ball
1-0: Foul Ball, location: 2F
1-1: Ball
2-1: SINGLE (Line Drive, 9LS)
Batting: RHB Oliver Lugo 0-0: Ball
1-0: DOUBLE (Flyball, 9D)
Robinson Fernández to third
Batting: RHB Pedro Rosado 0-0: SINGLE (Groundball, 6MD)
Robinson Fernández scores
Oliver Lugo to third
Pitching: RHP Mitsunari Taguchi
Batting: RHB Run-ming Zhu 0-0: Ball
1-0: Ball
2-0: Called Strike
2-1: Ball
3-1: Foul Ball, location: 2F
3-2: Strikes out swinging
Pedro Rosado steals 2nd base
Batter strikes out.
Batting: LHB Roberto Sandoval 0-0: Called Strike
0-1: Ball
1-1: Ball
Error on foul ball, E3
2-2: Ball
3-2: Base on Balls
Batting: LHB Al Mills 0-0: Swinging Strike
0-1: Ball
1-1: Foul Ball, location: 2F
1-2: Ball
2-2: Ball
3-2: Base on Balls
Oliver Lugo scores
Pedro Rosado to third
Roberto Sandoval to second
Batting: SHB Bob Noble 0-0: Grounds into fielders choice 4-2 (Groundball, 4)
Roberto Sandoval to third
Al Mills to second
Batting: RHB Miguel Encarnación 0-0: Called Strike
0-1: Ball
1-1: Called Strike
1-2: Strikes out swinging
Top of the 15th over - 2 run(s), 3 hit(s), 1 error(s), 3 left on base; Kalamazoo 9 - Vista 7
BOTTOM OF THE 15TH
Vista Panthers batting - Pitching for Kalamazoo Royale with Cheese : RHP José Ruíz
Batting: RHB Phil Matthews 0-0: Called Strike
0-1: Foul Ball, location: 2F
0-2: Ball
1-2: SINGLE (Line Drive, 7S)
Batting: LHB Patrick Osborne 0-0: Ball
1-0: Ball
2-0: Foul Ball, location: 2F
2-1: Ball
3-1: Fly out, F7 (Line Drive, 7S)
Batting: SHB Mark Wells 0-0: Ball
1-0: Foul Ball, location: 2F
1-1: Ball
2-1: Ball
3-1: Called Strike
3-2: Foul Ball, location: 2F
3-2: DOUBLE (Line Drive, 7D)
Phil Matthews to third
Phil Matthews scores
Batting: LHB Bob Cunningham 0-0: Ground out 6-3 (Groundball, 6)
Batting: LHB Donovan Bird 0-0: Ball
1-0: Ball
2-0: Ball
3-0: Called Strike
3-1: Base on Balls
Batting: LHB Francisco Marino 0-0: Ball
1-0: Ball
2-0: Ball
3-0: Base on Balls
Mark Wells to third
Donovan Bird to second
Batting: RHB Cisco Gatán 0-0: Foul Ball, location: 2F
0-1: Foul Ball, location: 2F
0-2: Ball
1-2: Ball
2-2: Ball
3-2: Foul Ball, location: 2F
3-2: Base on Balls
Mark Wells scores
Donovan Bird to third
Francisco Marino to second
Pitching: RHP Eric Richards
Batting: RHB Griswold Coleman 0-0: Ball
1-0: Ball
2-0: Foul Ball, location: 2F
2-1: Ball
3-1: Foul Ball, location: 2F
3-2: Base on Balls
Donovan Bird scores
Francisco Marino to third
Cisco Gatán to second
Thursday, March 30th, 2017 - OOTP Baseball 17.12 Build 75